 Dungeon Crawl Stone Soup version 0.30-a0-726-gd89dcf765f (webtiles) character file.

Game seed: 11986979623599110539

4006 Conn the Firebug (level 10, -3/85 HPs)
             Began as an Octopode Fire Elementalist on Jan 29, 2023.
             Was a Believer of Sif Muna.
             Slain by a yak (6 damage)
             ... on level 9 of the Dungeon.
             The game lasted 00:21:59 (9509 turns).

Conn the Firebug (Octopode Fire Elementalist)       Turns: 9509, Time: 00:22:00

Health: -3/85      AC: 21    Str:  8    XL:     10   Next: 23%
Magic:  10/30      EV:  2    Int: 22    God:    Sif Muna [**....]
Gold:   258        SH:  0    Dex: 12    Spells: 2/24 levels left

rFire   . . .      SeeInvis .    o - staff of poison
rCold   + + .      Faith    .    (no shield)
rNeg    . . .      Spirit   .    (helmet currently unavailable)
rPois   +          Reflect  .    s - amulet of the acrobat
rElec   .          Harm     .    p - ring of protection from cold
rCorr   .          Rampage  .    m - ring of magical power
Will    .....      NoTele   +    z - ring of protection from cold
Stlth   +++                      (no ring)
HPRegen 0.34/turn                (no ring)
MPRegen 0.22/turn                (no ring)
                                 (no ring)
                                 (no ring)

@: tree-form, marked, corroded
A: stationary, stasis, torment immunity, boosted hp, almost no armour,
(amphibious), 8 rings, (camouflage 1), (gelatinous body 1), (nimble swimmer 1),
(tentacles)
a: Renounce Religion, Channel Magic


You were on level 9 of the Dungeon.
You worshipped Sif Muna.
Sif Muna was pleased with you.
You were a tree.
You visited 2 branches of the dungeon, and saw 10 of its levels.

You collected 456 gold pieces.
You spent 198 gold pieces at shops.

Inventory:

Hand Weapons
 a - a +1 dagger of electrocution
 c - a +0 dagger
Missiles
 f - 35 poisoned darts (quivered)
Armour
 l - a +0 buckler
Magical Staves
 b - a staff of conjuration
 o - a staff of poison (weapon)
Jewellery
 m - a ring of magical power (right branch)
 p - a ring of protection from cold (left branch)
 s - an amulet of the acrobat (around neck)
 z - a ring of protection from cold (on tentacle)
Wands
 t - a wand of polymorph (12)
 x - a wand of roots (8)
Scrolls
 d - 2 scrolls of amnesia
 e - 4 scrolls of teleportation
 g - a scroll of fog
 i - a scroll of poison
 y - a scroll of blinking {unknown}
Potions
 h - a potion of haste
 j - 10 potions of curing {unknown}
 k - a potion of magic
 n - 2 potions of mutation {unknown}
 q - a potion of invisibility {unknown}
 r - a potion of berserk rage {unknown}
 u - 3 potions of flight {unknown}
 v - a potion of brilliance {unknown}
 A - a potion of heal wounds {unknown}


   Skills:
 + Level 0.7 Fighting
 + Level 1.2 Staves
 + Level 0.5 Throwing
 + Level 2.3 Dodging
 + Level 5.2 Stealth
 + Level 7.8 Spellcasting
 * Level 4.9 Conjurations
 + Level 0.2 Hexes
 * Level 2.8 Summonings
 + Level 7.9 Fire Magic
 * Level 2.6 Ice Magic
 * Level 3.0 Air Magic
 * Level 2.7 Poison Magic
 * Level 3.2 Invocations


You had 2 spell levels left.
You knew the following spells:

 Your Spells              Type           Power      Damage    Failure   Level
a - Foxfire               Conj/Fire      100%       2x1d9     1%          1
b - Mephitic Cloud        Conj/Pois/Air  36%        N/A       5%          3
c - Inner Flame           Hex/Fire       26%        N/A       4%          3
d - Flame Wave            Conj/Fire      36%        2d10      5%          4
e - Scorch                Fire           86%        2d9       1%          2
f - Call Imp              Summ           21%        N/A       3%          2
g - Swiftness             Air            22%        N/A       6%          3
h - Summon Ice Beast      Ice/Summ       20%        N/A       24%         4

Your spell library contained the following spells:

 Spells                   Type           Power      Damage    Failure   Level
 Magic Dart               Conj           100%       1d8       1%          1
 Ensorcelled Hibernation  Hex/Ice        30%        N/A       6%          2
 Apportation              Tloc           16%        N/A       8%          1
 Beastly Appendage        Tmut           16%        N/A       8%          1
 Sandblast                Erth           16%        2d6       8%          1
 Passwall                 Tmut/Erth      6%         N/A       12%         2
 Sublimation of Blood     Necr           8%         N/A       12%         2
 Wereblood                Tmut           8%         N/A       12%         2
 Kindle Blastsparks       Fire/Tloc/Air  48%        2d14      4%          3
 Stone Arrow              Conj/Erth      38%        3d9       9%          3
 Spider Form              Tmut/Pois      22%        N/A       13%         3
 Tukima's Dance           Hex            9%         N/A       21%         3
 Portal Projectile        Hex/Tloc       18%        N/A       22%         3
 Anguish                  Hex/Necr       4%         N/A       56%         4
 Petrify                  Tmut/Erth      8%         N/A       58%         4
 Irradiate                Conj/Tmut      9%         3d14      58%         5
 Summon Mana Viper        Hex/Summ       15%        N/A       73%         5
 Alistair's Intoxication  Tmut/Pois      14%        N/A       75%         5
 Blade Hands              Tmut           4%         N/A       91%         5
 Enfeeble                 Hex            4%         N/A       100%        7
 Monstrous Menagerie      Summ           10%        N/A       100%        7


Dungeon Overview and Level Annotations

Branches:
Dungeon (9/15)             Temple (1/1) D:4
   Lair: D:8-11         Orc: D:9-12

Altars:
Ashenzari
Cheibriados
Dithmenos
Elyvilon
Fedhas
Gozag
Hepliaklqana
Kikubaaqudgha
Makhleb
Nemelex Xobeh
Okawaru
Qazlal
Ru
Sif Muna
Trog
Uskayaw
Vehumet
Wu Jian
Xom
Yredelemnul
Zin
The Shining One

Shops:
D:5 :

Annotations:
D:1 2 transporters


Innate Abilities, Weirdness & Mutations

You are a tree.
Your roots penetrate the ground, keeping you stationary.
You cannot be teleported.
You are immune to unholy pain and torment.
Your maximum health is greatly increased.
You cannot wear most types of armour.
((You are amphibious.))
You can wear up to eight rings at the same time.
((Your skin changes colour to match your surroundings (Stealth+).))
((Your rubbery body absorbs attacks. (AC +1, EV +1)))
((You are camouflaged when in or above water. (Stealth+)))
((You have tentacles for arms and can constrict up to eight enemies at once.))


Message History

The flame wave engulfs the orc!
You kill the orc!
Sif Muna accepts your kill.
The flame wave engulfs the yak!
The yak is moderately wounded.
You finish channelling waves of flame.
The acid dragon spits acid at you. The splash of acid hits you!
The acid corrodes you! The yak completely misses you.
You close the door, pushing everything out of the way.
You see here a +0 flail.
The yak gores you!
Casting: Flame Wave (dangerous; 5% risk of failure)
Confirm with . or Enter, or press ? or * to list all spells.
Casting: Flame Wave (dangerous; 5% risk of failure)
Press: ? - help, Dir - look around, f - activate A wave of flame ripples out!
The flame wave engulfs the yak!
The yak is severely wounded.
The flame wave engulfs the yak.
The yak is heavily wounded. (Press . to intensify the flame waves.)
The yak gores you!
* * * LOW HITPOINT WARNING * * *
The yak gores you!
* * * LOW HITPOINT WARNING * * *
Okay, then.
Unknown command.
Unknown command.
Unknown command.
Unknown command.
Okay, then.
Unknown command.
Unknown command.
Unknown command.
Unknown command.
Unknown command.
Okay, then.
Really quaff the potion of lignification?
You turn into a tree.
Your roots penetrate the ground.
The yak gores you.
You die...

#### ###### ...# #....#
##.## #....# .#..# #....#
..#.# #....# ####
#.#.#########...♣##)...##
............'..YY+.D.....
..####......#..†[#####...
..# #......#....# ..#
##............. ..#
#..............#
..####...............
..........##.....###.
..........[.####.# .)


You could see 2 yaks.

Vanquished Creatures
  A wyvern (D:8)
  A vampire (D:9)
  A steam dragon (D:9)
  A yak (D:9)
  Menkaure (D:7)
  An acid dragon (D:9)
  A water moccasin (D:8)
  An orc warrior (D:7)
  An ice beast (D:5)
  2 black bears
  3 ogres
  A centaur (D:9)
  4 phantoms
  3 bullfrogs
  2 kobold brigands (D:8)
  3 scorpions
  2 necrophages
  5 wights (D:8)
  4 killer bees (D:9)
  2 howler monkeys (D:9)
  An electric eel (D:7)
  A quasit (D:8)
  2 orc priests
  2 hounds
  3 jellies
  2 gnoll boudas
  5 iguanas
  4 orc wizards
  Robin (D:3)
  15 gnolls
  8 adders
  2 shadow imps (D:8)
  4 white imps (D:8)
  2 ufetubi (D:8)
  3 worms
  7 dart slugs
  21 orcs
  4 ball pythons
  6 endoplasms
  6 giant cockroaches
  15 goblins
  7 hobgoblins
  15 kobolds
  5 quokkas
  3 bats
  2 frilled lizards
  7 rats
  6 bushes (D:8)
199 creatures vanquished.

Vanquished Creatures (collateral kills)
  A foxfire (D:8)
1 creature vanquished.

Vanquished Creatures (others)
  5 demonic plants (D:8)
  600 foxfires
605 creatures vanquished.

Grand Total: 805 creatures vanquished

Notes
Turn   | Place    | Note
-------+----------+-------------------------------------------
     0 | D:1      | Conn the Octopode Fire Elementalist began the quest for the
                  | Orb.
     0 | D:1      | Reached XP level 1. HP: 11/11 MP: 3/3
   211 | D:1      | Reached XP level 2. HP: 17/17 MP: 0/5
   777 | D:1      | Found a faded altar of an unknown god.
   915 | D:1      | Reached XP level 3. HP: 21/21 MP: 6/6
  1029 | D:1      | Learned a level 2 spell: Scorch
  1033 | D:1      | Learned a level 3 spell: Inner Flame
  1922 | D:3      | Reached XP level 4. HP: 27/27 MP: 4/7
  2160 | D:3      | Noticed a scorpion
  2177 | D:3      | Killed a scorpion
  2178 | D:3      | Reached XP level 5. HP: 25/32 MP: 1/9
  2249 | D:3      | Noticed Robin
  2252 | D:3      | Reached skill level 1 in Staves
  2256 | D:3      | Killed Robin
  2883 | D:3      | Reached XP level 6. HP: 31/37 MP: 4/10
  3252 | D:3      | Learned a level 4 spell: Flame Wave
  3804 | D:4      | Found a staircase to the Ecumenical Temple.
  3817 | Temple   | Entered the Ecumenical Temple
  3823 | Temple   | Became a worshipper of Sif Muna the Loreminder
  4211 | D:4      | Reached skill level 5 in Fire Magic
  4211 | D:4      | Reached XP level 7. HP: 42/42 MP: 1/13
  4777 | D:5      | Entered Level 5 of the Dungeon
  5086 | D:5      | Found Hoschono's Book Emporium.
  5092 | D:5      | Bought a book of Minor Magic for 198 gold pieces
  5098 | D:5      | Learned a level 3 spell: Mephitic Cloud
  5115 | D:5      | Found an opulent altar of Gozag.
  5324 | D:5      | Reached skill level 5 in Spellcasting
  5325 | D:5      | Reached XP level 8. HP: 41/47 MP: 5/15
  6249 | D:6      | Reached skill level 5 in Stealth
  6256 | D:6      | Reached * piety under Sif Muna
  6408 | D:6      | Learned a level 2 spell: Call Imp
  6529 | D:7      | Found an iron altar of Okawaru.
  6531 | D:7      | Found an ornate altar of the Wu Jian Council.
  6540 | D:7      | Noticed Menkaure
  6550 | D:7      | Killed Menkaure
  6551 | D:7      | Reached skill level 1 in Poison Magic
  6551 | D:7      | Reached skill level 1 in Invocations
  6551 | D:7      | Reached XP level 9. HP: 44/52 MP: 7/19
  6755 | D:7      | Found a radiant altar of Vehumet.
  6756 | D:7      | Found a sacrificial altar of Ru.
  6763 | D:7      | Reached skill level 1 in Air Magic
  7529 | D:8      | Reached skill level 1 in Summonings
  7763 | D:8      | Noticed a boulder beetle
  7769 | D:8      | Learned a level 3 spell: Swiftness
  8140 | D:8      | Learned a level 4 spell: Summon Ice Beast
  8316 | D:8      | Reached ** piety under Sif Muna
  8589 | D:8      | Reached skill level 1 in Ice Magic
  9192 | D:9      | Reached XP level 10. HP: 57/57 MP: 18/21
  9508 | D:9      | HP: 2/57 [yak (13)]
  9509 | D:9      | Slain by a yak

Illustrated notes

Levels and vault maps discovered:
D:1:      spicycebolla_arrival_transporter_tutorial, layout_basic,
          hellmonk_ecumenical_altar_inner_sanctum
D:2:      layout_loops_ring
D:3:      cheibrodos_pilgrimage, layout_basic, uniq_robin
D:4:      layout_gridville, minmay_temple_entry_mist
D:5:      layout_basic, nicolae_gozag_cash_rules_everything_around_me,
          serial_shops, nicolae_shop_behind_doors, dk_noncrumbling_3,
          st_stairs_9, kennysheep_generic_room_16
D:6:      layout_rooms
D:7:      layout_cave_pods, nicolae_overflow_two_pavilions,
          mainiacjoe_overflow_catwalk_spiral, hangedman_decor_points,
          uniq_menkaure
D:8:      layout_gridville, serial_demonic, serial_demonic_c, serial_demonic_f,
          serial_demonic_g, serial_demonic_b, kennysheep_big_empty_room,
          ebering_dispersal_statue_hall, minmay_hedge_maze, bh_walls_and_bars
D:9:      layout_basic
Temple:   sentei_temple_godly_chess

Skill      XL: |  1  2  3  4  5  6  7  8  9 10 |
---------------+-------------------------------+-----
Stealth        | 3 4 5 |  5.2
Fire Magic     | 4 5 6 7 |  7.9
Staves         | 1 |  1.2
Spellcasting   | 3 4 5 6 7 |  7.8
Conjurations   | 2 3 4 |  4.9
Poison Magic   | 1 2 |  2.7
Invocations    | 1 2 3 |  3.2
Air Magic      | 2 3 |  3.0
Summonings     | 2 |  2.8
Ice Magic      | 1 2 |  2.6
Fighting       | |  0.7
Throwing       | |  0.5
Dodging        | |  2.3
Hexes          | |  0.2

Action                     |  1- 3 |  4- 6 |  7- 9 | 10-12 || total
---------------------------+-------+-------+-------+-------++-------
  Melee: Dagger            |     3 |       |       |       ||     3
         Staff             |    16 |    19 |     7 |       ||    42
         Constrict         |     5 |     4 |     3 |       ||    12
         Tentacles         |     3 |     2 |     1 |       ||     6
  Throw: Dart              |       |       |     2 |       ||     2
   Cast: Foxfire           |    65 |   121 |   141 |    10 ||   337
         Scorch            |     3 |     8 |    67 |     2 ||    80
         Inner Flame       |       |     1 |     4 |     2 ||     7
         Mephitic Cloud    |       |       |    12 |       ||    12
         Flame Wave        |       |       |     9 |     6 ||    15
         Call Imp          |       |       |     2 |       ||     2
    Use: Scroll            |       |     9 |     3 |       ||    12
         Potion            |       |     1 |     1 |     1 ||     3
   Stab: Sleeping          |     5 |     2 |     1 |       ||     8
 Armour: Skin              |     1 |     2 |     1 |       ||     4
  Dodge: Dodged            |    17 |    17 |    23 |    13 ||    70

Table legend: (Time is in decaauts)
 A = Elapsed time spent in this place.
 B = Non-inter-level travel time spent in this place.
 C = Inter-level travel time spent in this place.
 D = Time resting spent in this place.
 E = Time spent auto-exploring this place.
 F = Levels seen in this place.
 G = Mean time per level.
                   A        B        C        D        E       F      G
               +--------+--------+--------+--------+--------+-----+--------+
         Total |   9511 |   9320 |    191 |    117 |   7202 |  10 |  951.1 |
       Dungeon |   9498 |   9307 |    191 |    117 |   7202 |   9 | 1055.3 |
        Temple |     12 |     12 |      0 |      0 |      0 |   1 |   12.0 |
               +--------+--------+--------+--------+--------+-----+--------+

Top non-repeatable levels by time:
     D:3: 1697 daAuts
     D:8: 1639 daAuts
     D:4: 1223 daAuts
     D:5: 1040 daAuts
     D:1: 1039 daAuts
     D:7: 1005 daAuts
     D:2: 808 daAuts
     D:6: 691 daAuts
     D:9: 352 daAuts
  Temple: 12 daAuts
